 Dungeon Crawl Stone Soup version 0.30.1-11-g7821555f0a (webtiles) character file.

Game seed: 16462221295355802452

67 Arctor the Covered (level 4, -1/35 HPs)
             Began as a Human Fighter on Jan 14, 2024.
             Slain by a cerulean imp
             ... wielding a +2 spear
             ... summoned by Natasha
              (2 damage)
             ... on level 2 of the Dungeon.
             The game lasted 00:00:40 (1290 turns).

Arctor the Covered (Human Fighter)                  Turns: 1290, Time: 00:00:41

Health: -1/35      AC:  6    Str: 19    XL:     4   Next: 38%
Magic:  4/4        EV:  9    Int:  8    God:
Gold:   32         SH:  4    Dex: 12    Spells: 3/3 levels left

rFire   . . .        a - +0 war axe
rCold   . . .        c - +0 buckler
rNeg    . . .        b - +0 scale mail
rPois   .            (no helmet)
rElec   .            (no cloak)
rCorr   .            (no gloves)
SInv    .            (no boots)
Will    .....        (no amulet) Stlth
                     (no ring)
HPRegen 0.25/turn    (no ring)
MPRegen 0.09/turn

%: no passive effects
@: mighty, slowed, very slow
A: no striking features
a: no special abilities


You were on level 2 of the Dungeon.
You visited 1 branch of the dungeon, and saw 2 of its levels.

You collected 32 gold pieces.

Inventory:

Hand Weapons
 a - a +0 war axe (weapon)
Armour
 b - a +0 scale mail (worn)
 c - a +0 buckler (worn)
Jewellery
 g - a ring of see invisible
Scrolls
 e - a scroll of vulnerability {unknown}
 f - 2 scrolls of teleportation {unknown}
 h - 2 scrolls of identify {unknown}


   Skills:
 + Level 3.5 Fighting
 + Level 2.7 Axes
 + Level 3.5 Armour
 + Level 3.5 Shields


You had 3 spell levels left.
You didn't know any spells.
Your spell library contained the following spells:

 Spells                   Type           Power      Damage    Failure   Level
 Kiss of Death            Conj/Necr      0%         2d5       85%         1
 Confusing Touch          Hex            0%         N/A       99%         3
 Dispel Undead            Necr           0%         3d6       100%        4


Dungeon Overview and Level Annotations

Branches:
Dungeon (2/15)

Altars:

Annotations:
D:2 Natasha


Message History

Natasha shimmers violently.
Natasha claws you.
The cerulean imp hits you with a +2 spear.
Natasha claws you!
* * * LOW HITPOINT WARNING * * *
You feel very mighty all of a sudden.
The cerulean imp hits you but does no damage.
You block Natasha's attack.
Unknown command.
You aren't carrying any potions.
You closely miss Natasha.
Natasha is heavily wounded.
You hit the cerulean imp but do no damage.
The cerulean imp barely misses you. You block Natasha's attack.
The cerulean imp hits you but does no damage.
Natasha stares at you and mumbles some strange words.
The magic dart hits you.
* * * LOW HITPOINT WARNING * * *
Unknown command.
You slice Natasha!!
You kill Natasha!
Moaning pathetically, Natasha's spirit plunges into the ground.
The cerulean imp disappears in a puff of smoke!
You have reached level 4!
You feel stronger.
You start resting.
Natasha, Servant of Life and Death comes into view.
Natasha is nearby!
You block Natasha's attack.
You closely miss Natasha. Natasha claws you.
* * * LOW HITPOINT WARNING * * *
Natasha casts a spell.
You slash Natasha!
Natasha is almost dead.
You closely miss the cerulean imp. Natasha casts a spell at you.
The magic dart hits you.
* * * LOW HITPOINT WARNING * * *
The cerulean imp hits you with a +2 spear.
You die...

####### ####
##.....# ...#
#......#### ...#
#.........
...##### #.......#
.......# #.......#
...###.####.###.h#
...#............@#
...#.#.########.5#
†..#.#.# #.)....#
...#
#.##..............
...#
#.##..............
...#
#.##....(.....<.#.
...#
#.................
####
####...........#..
###.#.#.#####..


You could see Natasha and a cerulean imp (summoned).

Vanquished Creatures
  Natasha (D:2)
  2 adders (D:2)
  A dart slug (D:1)
  3 ball pythons (D:1)
  3 bats
  3 endoplasms (D:1)
  A giant cockroach (D:1)
  A goblin (D:2)
  A hobgoblin (D:1)
  A quokka (D:1)
  2 frilled lizards
  2 kobolds (D:1)
  4 rats
25 creatures vanquished.

Notes
Turn   | Place    | Note
-------+----------+-------------------------------------------
     0 | D:1      | Arctor the Human Fighter began the quest for the Orb.
     0 | D:1      | Reached XP level 1. HP: 18/18 MP: 1/1
   109 | D:1      | Reached XP level 2. HP: 24/24 MP: 2/2
   772 | D:1      | Reached XP level 3. HP: 27/29 MP: 3/3
  1270 | D:2      | Noticed Natasha
  1280 | D:2      | Killed Natasha
  1281 | D:2      | Reached XP level 4. HP: 3/35 MP: 4/4
  1286 | D:2      | Noticed Natasha
  1290 | D:2      | HP: 1/35 [Natasha/magic dart (2)]
  1290 | D:2      | Slain by a cerulean imp

Illustrated notes

Levels and vault maps discovered:
D:1:      wander_arrival_lonely_grave, layout_basic, hangedman_decor_points,
          chequers_serial_rivers_micro_d, minmay_domino_2
D:2:      layout_basic, minmay_cut_off, uniq_natasha

Action                     |  1- 3 |  4- 6 || total
---------------------------+-------+-------++-------
  Melee: War axe           |    66 |     2 ||    68
    Use: Potion            |     1 |       ||     1
 Armour: Scale mail        |    31 |       ||    31
  Dodge: Dodged            |    21 |       ||    21
  Block: Buckler           |    21 |     1 ||    22
